 Dungeon Crawl Stone Soup version 0.25.1-8-g42b30a86e7 (webtiles) character file.

Game seed: 1926418917694284419

1934 krpopo the Basher (level 9, 0/55 HPs)
             Began as a Gargoyle Fighter on Dec 19, 2020.
             Was a Believer of Okawaru.
             Slain by a yak (6 damage)
             ... on level 5 of the Dungeon.
             The game lasted 00:11:18 (5877 turns).

krpopo the Basher (Gargoyle Fighter)                Turns: 5877, Time: 00:11:18

Health: 0/55       AC: 15    Str: 21    XL:     9   Next: 17%
Magic:  9/9        EV:  7    Int: 10    God:    Okawaru [**....]
Gold:   284        SH:  9    Dex: 10    Spells: 8/8 levels left

rFire    . . .     SeeInvis .   a - +0 flail
rCold    . . .     Gourm    .   c - +0 kite shield
rNeg     + . .     Faith    .   b - +0 scale mail
rPois    ∞         Spirit   .   (no helmet)
rElec    +         Reflect  .   (no cloak)
rCorr    .         Harm     .   x - +0 pair of gloves
MR       .....                  w - +0 pair of boots
Stlth    ..........             (no amulet)
HPRegen  0.18/turn              (no ring)
MPRegen  0.11/turn              (no ring)

@: invisible
A: negative energy resistance 1, electricity resistance, unbreathing,
petrification resistance, rot immunity, AC +6
a: Heroism, Renounce Religion


You were on level 5 of the Dungeon.
You worshipped Okawaru.
Okawaru was pleased with you.
You were not hungry.

You visited 2 branches of the dungeon, and saw 7 of its levels.

You collected 284 gold pieces.

Inventory:

Hand Weapons
 a - a +0 flail (weapon)
 g - a +3 spear
Missiles
 e - 128 arrows
 i - 6 boomerangs (quivered)
 j - 32 bolts
Armour
 b - a +0 scale mail (worn)
 c - a +0 kite shield (worn)
 w - a +0 pair of boots (worn)
 x - a +0 pair of gloves (worn)
Wands
 q - a wand of random effects (16)
Scrolls
 k - a scroll of amnesia {unknown}
 m - 2 scrolls of remove curse
 o - a scroll of immolation {unknown}
 p - a scroll of random uselessness {unknown}
 r - a scroll of magic mapping {unknown}
Potions
 d - a potion of ambrosia
 h - a potion of degeneration {unknown}
 n - 2 potions of lignification {unknown}
 s - a potion of invisibility
 t - 2 potions of curing {unknown}
 u - a potion of magic {unknown}
Comestibles
 f - 10 rations
 l - a chunk of flesh


   Skills:
 + Level 6.1 Fighting
 * Level 10.7 Maces & Flails
 - Level 3.2 Armour
 - Level 3.2 Shields


You had 8 spell levels left.
You didn't know any spells.
Your spell library was empty.

Dungeon Overview and Level Annotations

Branches:
Dungeon (6/15)             Temple (1/1) D:4

Altars:
Ashenzari
Dithmenos
Gozag
Okawaru
Qazlal
Ru
Wu Jian
Xom
Yredelemnul
The Shining One

Shops:
D:5 [


Innate Abilities, Weirdness & Mutations

You are resistant to torment.
Your stone body is resilient. (AC +6)
You are immune to poison.
You resist negative energy. (rN+)
You are resistant to electric shocks. (rElec)
You can survive without breathing.
You are immune to petrification.
You are immune to rotting.


Message History

The yak barely misses you. The yak gores you. You block the yak's attack.
There is a stone staircase leading up, spattered with blood here.
You see here a yak corpse.
You can't go down here!
The yak gores you but does no damage. You block the yak's attack.
The yak barely misses you.
You climb upwards.
There is a stone staircase leading down here.
You are too injured to fight recklessly!
You are too injured to fight recklessly!
You are too injured to fight recklessly!
You hit the yak.
The yak is lightly wounded.
You block the yak's attack. The yak gores you!
* * * LOW HITPOINT WARNING * * *
The yak gores you.
* * * LOW HITPOINT WARNING * * *
You fade into invisibility!
The yak gores you.
You die...

###### #....###############
#....#.............#
#....#.....#'#.....#
#####....#.....+∩'.....#
#........#'#####'########
#...........[...........#
#.........Y@............#
#.........YY[...........#
###'#...................#
#...#####....##'####....#
#.......#....#.....+.)..#
#.......#....#.....#....#
#######..###'#....###'###....####
#....##..##..##'#................
#...............#......."........


You could see 3 yaks.

Vanquished Creatures
  A hippogriff (D:2)
  3 yaks
  Menkaure (D:6)
  A sky beast (D:5)
  A phantom (D:4)
  2 centaurs
  2 bullfrogs (D:5)
  2 scorpions (D:5)
  2 howler monkeys
  3 crimson imps
  A centaur zombie (D:6)
  2 orc priests
  3 orc wizards
  2 iguanas
  3 worker ants
  A worker ant zombie (D:6)
  6 adders
  An ooze (D:2)
  2 worms
  2 dart slugs
  5 leopard geckos
  14 orcs
  4 giant cockroaches
  8 goblins
  2 hobgoblins (D:2)
  7 jackals
  6 kobolds
  2 quokkas
  3 ball pythons
  6 bats
  9 frilled lizards
  A giant cockroach zombie (D:6)
  A leopard gecko zombie (D:6)
  5 rats
  A spectral orc (D:4)
115 creatures vanquished.

Notes
Turn   | Place    | Note
-------+----------+-------------------------------------------
     0 | D:1      | krpopo the Gargoyle Fighter began the quest for the Orb.
     0 | D:1      | Reached XP level 1. HP: 14/14 MP: 1/1
   150 | D:1      | Reached XP level 2. HP: 19/19 MP: 2/2
   490 | D:1      | Reached XP level 3. HP: 20/24 MP: 3/3
   653 | D:1      | Reached skill level 3 in Maces & Flails
  1049 | D:2      | Reached XP level 4. HP: 26/29 MP: 4/4
  1191 | D:2      | Found a sacrificial altar of Ru.
  1304 | D:2      | Noticed a hippogriff
  1315 | D:2      | Killed a hippogriff
  1315 | D:2      | Reached skill level 5 in Maces & Flails
  1315 | D:2      | Reached XP level 5. HP: 7/33 MP: 5/5
  1315 | D:2      | Reached XP level 6. HP: 9/38 MP: 6/6
  1835 | D:3      | Reached skill level 6 in Maces & Flails
  2363 | D:3      | Found a glowing golden altar of the Shining One.
  2627 | D:4      | Noticed a phantom
  2687 | D:4      | Killed a phantom
  2687 | D:4      | Reached XP level 7. HP: 34/44 MP: 7/7
  2835 | D:4      | Reached skill level 7 in Maces & Flails
  2959 | D:4      | Found a staircase to the Ecumenical Temple.
  2969 | Temple   | Entered the Ecumenical Temple
  2975 | Temple   | Became a worshipper of Warmaster Okawaru
  3367 | D:4      | Found a shattered altar of Ashenzari.
  3408 | D:4      | Found a basalt altar of Yredelemnul.
  3501 | D:5      | Entered Level 5 of the Dungeon
  3945 | D:5      | Reached skill level 5 in Fighting
  3945 | D:5      | Reached skill level 8 in Maces & Flails
  4113 | D:5      | Reached XP level 8. HP: 49/49 MP: 8/8
  4419 | D:5      | Found Uneth's Antique Armour Boutique.
  4689 | D:6      | Reached * piety under Okawaru
  4689 | D:6      | Reached skill level 9 in Maces & Flails
  4803 | D:6      | Noticed Menkaure
  4809 | D:6      | Killed Menkaure
  5647 | D:6      | Noticed a yak
  5673 | D:5      | Killed a yak
  5673 | D:5      | Reached skill level 10 in Maces & Flails
  5694 | D:6      | Noticed a yak
  5728 | D:5      | Killed a yak
  5728 | D:5      | Reached ** piety under Okawaru
  5728 | D:5      | Reached XP level 9. HP: 44/55 MP: 9/9
  5877 | D:5      | Slain by a yak

Illustrated notes

Levels and vault maps discovered:
D:1:      matt_arrival_refuge, layout_rooms
D:2:      layout_loops_ring, lemuel_coloured_pillars_altar,
          hangedman_decor_lopped, chequers_mini_garden
D:3:      layout_loops_ring, lemuel_round_altar, first_ration,
          chequers_hall_statues_wall_a
D:4:      layout_basic, yredelemnul_forgotten_temple_becter, lemuel_round_altar,
          lemuel_temple_firewalk_a, minmay_misc_feat_room
D:5:      layout_gridville, nicolae_ossuary_entry_false_entrances, serial_shops,
          nicolae_shop_behind_doors, chequers_garden
D:6:      layout_cave_pools, lemuel_round_altar, serial_shops,
          kennysheep_mini_moat, uniq_menkaure
Temple:   eino_temple_rhombus

Skill      XL: |  1  2  3  4  5  6  7  8  9 |
---------------+----------------------------+-----
Maces & Flails | 3 5 6 8 10 | 10.7
Fighting       | 4 5 6 |  6.1
Armour         | |  3.2
Shields        | |  3.2

Action                   |  1- 3 |  4- 6 |  7- 9 || total
-------------------------+-------+-------+-------++-------
Melee: Flail             |   153 |   141 |   359 ||   653
Throw: Boomerang         |       |     7 |    14 ||    21
  Use: Scroll            |     2 |       |     4 ||     6
       Potion            |       |     1 |     1 ||     2
  Eat: Chunk             |     1 |     5 |     8 ||    14
       Ration            |       |       |     1 ||     1
Armor: Scale mail        |    90 |    72 |   200 ||   362
Dodge: Dodged            |    50 |    37 |   107 ||   194
Block: Kite shield       |    97 |    69 |   157 ||   323
